AoeStats
← meditator27

African Clearing

505447548Analyzed
4v4 RM · 22d ago on Sep 9, 2026· 36m 36s· 8 players
Game mode
Random Map
Map size
Large (8 player)
Population
200
Speed
Normal
Resources
Standard
Victory
Conquest
Starting age
Dark Age
Ending age
Imperial Age
RankedLock teamsTeams togetherTeam positionsShared explorationLock speedFull tech treeHidden civsTurbo modeCheats
Victory
Defeat
🇨🇳 Mongols · China
1232
+16
🇨🇳 Berbers · China
1230
+16
🇭🇰 Bulgarians · Hong Kong SAR China
1217
+16
🇨🇳 Huns · China
1189
+19
🇻🇳 Muisca · Vietnam
1257
-18
🇬🇧 Inca · United Kingdom
1233
-17
🇹🇼 Huns · Taiwan
1230
-17
🇹🇼 Hindustanis · Taiwan
1186
-15
只会玩匈奴
9:34 Loom
12:10 Feudal Age
12:56 Double-Bit Axe
18:11 Bloodlines
19:27 Forging
24:07 Horse Collar
25:49 Scale Barding Armor
36:06 Castle Age
34:42 Wheelbarrow
横扫五十岁以上无敌手
13:31 Feudal Age
19:18 Castle Age
17:04 Loom
17:36 Double-Bit Axe
20:57 Scale Barding Armor
25:44 Forging
25:37 Fishing Lines
26:38 Gillnets
32:54 Iron Casting
35:02 Chain Barding Armor
34:54 Bow Saw
regular
5:50 Loom
14:53 Feudal Age
19:52 Castle Age
18:30 Stone Mining
18:26 Double-Bit Axe
18:22 Horse Collar
21:35 Bow Saw
25:46 Bloodlines
25:38 Husbandry
25:59 Fletching
28:40 Ballistics
28:20 Bodkin Arrow
29:18 Padded Archer Armor
33:02 Wheelbarrow
32:22 Gold Mining
32:33 Heavy Plow
33:04 Leather Archer Armor
我今年16岁
12:19 Feudal Age
14:01 Loom
14:12 Double-Bit Axe
16:42 Castle Age
15:40 Scale Barding Armor
16:15 Bloodlines
16:21 Horse Collar
26:19 Chain Barding Armor
27:24 Husbandry
29:03 Heavy Plow
31:14 Forging
32:53 Iron Casting
34:14 Wheelbarrow
Gouldy928
14:35 Feudal Age
18:28 Castle Age
16:47 Double-Bit Axe
19:37 Forging
19:28 Scale Mail Armor
20:11 Loom
23:58 Bow Saw
NICKC
9:29 Loom
11:55 Feudal Age
18:51 Castle Age
16:48 Double-Bit Axe
17:24 Stone Mining
18:47 Gold Mining
19:35 Bloodlines
26:41 Horse Collar
27:27 Heavy Plow
27:54 Husbandry
29:37 Wheelbarrow
28:49 Town Watch
28:52 Light Cavalry
30:52 Scale Barding Armor
31:45 Hand Cart
33:44 Chain Barding Armor
34:12 Grand Trunk Road
36:02 Forging
36:04 Town Patrol
meditator27
5:50 Loom
13:54 Feudal Age
14:38 Double-Bit Axe
21:53 Castle Age
21:44 Fletching
23:30 Bow Saw
25:09 Bodkin Arrow
27:52 Husbandry
30:43 Wheelbarrow
30:45 Pikeman
33:11 Gold Mining
bina
12:12 Feudal Age
12:13 Champi Runner
12:52 Double-Bit Axe
14:14 Horse Collar
14:20 Loom
15:59 Fletching
18:18 Padded Archer Armor
19:56 Padded Archer Armor
25:46 Castle Age
23:49 Gold Mining
23:53 Stone Mining
25:51 Crossbowman
26:28 Bodkin Arrow
28:17 Thumb Ring
29:30 Wheelbarrow
29:02 Fishing Lines
30:29 Bow Saw
30:43 Leather Archer Armor
34:15 Heavy Plow
Connection lost

Rejoining the realm…

Still unreachable

The connection could not be restored.

Session expired

The server has moved on; the page needs a fresh start.